 Dungeon Crawl Stone Soup version 0.26-a0-1049-g242049e08c (webtiles) character file.

Game seed: 10355671375803405973

14475 Maxis9 the Destroyer (level 11, -9/77 HPs)
             Began as a Demigod Conjurer on Dec 12, 2020.
             Killed from afar by Frances (43 damage)
             ... with an iron shot
             ... on level 12 of the Dungeon.
             The game lasted 02:56:16 (17752 turns).

Maxis9 the Destroyer (Demigod Conjurer)            Turns: 17752, Time: 02:56:16

Health: -9/77      AC:  9    Str: 10    XL:     11   Next: 58%
Magic:  5/27       EV: 14    Int: 38    God:
Gold:   1175       SH:  3    Dex: 11    Spells: 12/26 levels left

rFire    . . .     SeeInvis .   T - staff of cold
rCold    + . .     Faith    .   J - +0 buckler
rNeg     + . .     Spirit   .   y - +3 leather armour "Eluofim" {rElec rN+ rCorr Dex-5}
rPois    .         Reflect  .   g - +0 helmet
rElec    +         Harm     .   p - scarf {repulsion}
rCorr    +         Rampage  .   h - +0 pair of gloves
Will     +....                  i - +0 pair of boots
Stlth    +++.......             M - amulet of regeneration
HPRegen  0.62/turn              s - +6 ring of intelligence
MPRegen  0.20/turn              w - +6 ring of intelligence

@: repel missiles
A: high mp 1
a: no special abilities


You were on level 12 of the Dungeon.
You visited 3 branches of the dungeon, and saw 15 of its levels.

You collected 1175 gold pieces.

Inventory:

Hand Weapons
 G - a +0 dagger
 X - a +0 dagger of venom
Missiles
 B - 24 poisoned darts
 D - 2 throwing nets
 K - 4 boomerangs of dispersal
 L - 4 atropa-tipped darts
 Z - 4 javelins
Armour
 a - a +0 ring mail
 g - a +0 helmet (worn)
 h - a +0 pair of gloves (worn)
 i - a +0 pair of boots (worn)
 p - a scarf of repulsion (worn)
 y - the +3 leather armour "Eluofim" (worn) {rElec rN+ rCorr Dex-5}
   (You found it on level 6 of the Dungeon)

   It affects your dexterity (-5).
   It insulates you from electricity.
   It protects you from negative energy.
   It provides partial protection from all sources of acid and corrosion.
 J - a +0 buckler (worn)
 O - a +1 robe of cold resistance
Magical Staves
 P - an uncursed staff of cold
 T - an uncursed staff of cold (weapon)
Jewellery
 d - an uncursed ring of protection from cold
 s - a +6 ring of intelligence (left hand)
 w - a +6 ring of intelligence (right hand)
 M - an amulet of regeneration (around neck)
Wands
 o - a wand of flame (30)
 u - a wand of acid (16)
 x - a wand of polymorph (8)
 C - a wand of paralysis (10)
Scrolls
 b - a scroll of amnesia
 c - 3 scrolls of magic mapping
 f - a scroll of identify
 k - a scroll of teleportation
 z - 2 scrolls of enchant armour
 H - a scroll of holy word
 I - 3 scrolls of enchant weapon
 S - a scroll of fog {unknown}
Potions
 e - a potion of curing
 j - 7 potions of heal wounds
 l - 3 potions of flight
 n - 3 potions of magic
 q - 3 potions of mutation
 r - 2 potions of haste
 t - 2 potions of brilliance
 v - 3 potions of might
 A - a potion of attraction {unknown}
 E - a potion of resistance {unknown}
 F - 3 potions of ambrosia
 V - a potion of invisibility {unknown}
Miscellaneous
 N - a tin of tremorstones (2/2)


   Skills:
 - Level 1.0 Fighting
 + Level 7.5 Dodging
 + Level 8.4 Stealth
 + Level 8.3 Spellcasting
 + Level 9.9 Conjurations
 + Level 6.6 Hexes


You had 12 spell levels left.
You knew the following spells:

 Your Spells              Type           Power        Failure   Level
a - Magic Dart            Conj           ####         1%          1
b - Searing Ray           Conj           ######       1%          2
c - Fulminant Prism       Conj/Hex       ######....   1%          4
d - Dazzling Flash        Conj/Hex       ######       1%          3
e - Iskenderun's Mystic   Conj/Tloc      ######..     7%          4

Your spell library contained the following spells:

 Spells                   Type           Power        Failure   Level


Dungeon Overview and Level Annotations

Branches:
Dungeon (12/15)            Temple (1/1) D:7            Lair (0/6) D:10
    Orc (2/2) D:9
    Elf: Orc:2

Shops:
D:9 ([

Annotations:
D:8 2 transporters, Flure's ghost, novice DgIE
D:12 Frances


Innate Abilities, Weirdness & Mutations

You have an increased reservoir of magic. (+10% MP)


Message History

The shard of ice misses you.
Frances whispers indecipherable words.
Frances closely misses you. The smoke demon gestures at you.
Something smites you!
As you read the scroll of immolation, it crumbles to dust.
The creatures around you are filled with an inner flame!
Frances whispers indecipherable words.
You block the shard of ice. The ice devil barely misses you.
The hellwing hits you. x2; You block Frances's attack.
The hellwing swoops through the air toward you!
The hellwing barely misses you. The hellwing hits you.
You block Frances's attack. The hellwing hits you.
The hellwing hits you but does no damage.
Frances says, "I speak the language of demons!"
Frances mutters in a terrible tongue.
The iron shot hits you!!!
Ouch! That really hurt!
You die...

.##...#>..........## #.....4.....
.##...######.......# #.#.<#......
...........#.##..#.# #.#......#..
####†#######.##....# #.#.####....
.................3.# '.. # ###.
#########....^...4## #.. #.## #
#....#..4@# #...
#########....#..#.# #...
................@.# #####
..#'#######.....### #....
..#.......#.##..# #....
..#.......#.##..# #....
..'.......#.##..# #####
..#'#####'#.....######## #...
....[).................# ##'##
...##..##.....#......#.######....
...##..##.....#..................


You could see Frances (fast, inner flame), an ice devil (summoned, inner flame)
and a smoke demon (summoned, inner flame).

Vanquished Creatures
  Fannar (D:12)
  5 two-headed ogres
  Urug (D:12)
  2 ugly things
  3 centaur zombies
  A gargoyle (D:10)
  4 trolls
  A wraith (D:12)
  13 yaks
  A wyvern (D:8)
  2 vampire mosquitoes (D:12)
  A water moccasin (D:12)
  2 ice beasts
  8 orc warriors
  3 black bears
  A phantom (D:10)
  2 necrophages
  5 ogres
  5 centaurs
  5 bullfrogs
  2 gnoll sergeants (D:8)
  A water moccasin zombie (D:10)
  A scorpion (D:10)
  5 wights (D:6)
  6 howler monkeys
  A bullfrog zombie (D:12)
  A bullfrog skeleton (D:5)
  2 jellies
  4 hounds
  7 orc priests
  A centaur skeleton (D:7)
  4 iguanas
  13 orc wizards
  A worker ant (D:10)
  A hound skeleton (D:9)
  A howler monkey zombie (D:6)
  11 adders
  16 gnolls
  A shadow imp (D:8)
  A white imp (D:7)
  3 ufetubi
  An adder skeleton (D:4)
  An adder zombie (D:10)
  3 worms
  A dart slug (D:2)
  8 leopard geckos
  40 orcs
  3 bats (D:1)
  6 giant cockroaches
  18 goblins
  10 hobgoblins
  6 jackals
  6 kobolds
  7 quokkas
  A ball python (D:6)
  9 frilled lizards
  A quokka skeleton (D:5)
  A quokka zombie (D:5)
  12 rats
283 creatures vanquished.

Vanquished Creatures (others)
  82 fulminant prisms
  5 plants (D:9)
87 creatures vanquished.

Grand Total: 370 creatures vanquished

Notes
Turn   | Place    | Note
-------+----------+-------------------------------------------
     0 | D:1      | Maxis9 the Demigod Conjurer began the quest for the Orb.
     0 | D:1      | Reached XP level 1. HP: 14/14 MP: 5/5
   313 | D:1      | Reached XP level 2. HP: 20/20 MP: 4/7
   368 | D:1      | Reached skill level 4 in Conjurations
   949 | D:2      | Reached XP level 3. HP: 21/26 MP: 0/8
  1582 | D:2      | Noticed an ogre
  1749 | D:2      | Reached XP level 4. HP: 34/34 MP: 3/10
  2362 | D:3      | Found a glowing drain.
  2463 | D:3      | Learned a level 2 spell: Searing Ray
  2823 | D:2      | Reached XP level 5. HP: 33/39 MP: 8/12
  3269 | D:4      | Reached skill level 5 in Conjurations
  3407 | D:4      | Found a blossoming altar of Fedhas.
  3489 | D:4      | Noticed an ogre
  3492 | D:4      | Killed an ogre
  3493 | D:4      | Reached XP level 6. HP: 46/46 MP: 8/14
  4571 | D:5      | Entered Level 5 of the Dungeon
  4972 | D:5      | Found a snail-covered altar of Cheibriados.
  5131 | D:6      | Reached skill level 6 in Conjurations
  5131 | D:6      | Reached XP level 7. HP: 51/51 MP: 11/16
  5309 | D:6      | Found a broken altar of Ashenzari.
  5862 | D:6      | Got a crude leather armour
  5892 | D:6      | Identified the +3 leather armour "Eluofim" {rElec rN+ rCorr
                  | Dex-5} (You found it on level 6 of the Dungeon)
  6220 | D:6      | Reached skill level 5 in Spellcasting
  6351 | D:7      | Found a staircase to the Ecumenical Temple.
  6570 | D:7      | Reached XP level 8. HP: 58/58 MP: 13/19
  6593 | D:7      | Reached skill level 1 in Fighting
  6593 | D:7      | Reached skill level 7 in Conjurations
  6782 | D:7      | Found an iron altar of Okawaru.
  6859 | D:7      | Learned a level 4 spell: Fulminant Prism
  7374 | D:7      | Found a hazy altar of Hepliaklqana.
  7374 | D:7      | Found a shimmering blue altar of Sif Muna.
  7376 | D:7      | Found a sparkling altar of Nemelex Xobeh.
  7403 | Temple   | Entered the Ecumenical Temple
  7523 | D:8      | Noticed a two-headed ogre
  7709 | D:8      | Found a transporter.
  7709 | D:8      | Found a transporter.
  7714 | D:8      | Noticed Flure's ghost (novice DgIE)
  7752 | D:8      | Noticed a queen bee
  7776 | D:8      | Found a basalt altar of Yredelemnul.
  7778 | D:8      | Noticed a profane servitor
  7793 | D:8      | Found a glowing golden altar of the Shining One.
  7795 | D:8      | Noticed an angel
  7825 | D:8      | Reached skill level 1 in Hexes
  7972 | D:8      | Found a burning altar of Makhleb.
  8820 | D:7      | Killed a two-headed ogre
  8821 | D:7      | Reached skill level 5 in Stealth
  8821 | D:7      | Reached XP level 9. HP: 64/64 MP: 5/22
  9106 | D:9      | Noticed a two-headed ogre
  9237 | D:9      | Noticed a two-headed ogre
  9252 | D:9      | Killed a two-headed ogre
  9253 | D:9      | Reached skill level 8 in Conjurations
  9403 | D:9      | Reached skill level 5 in Dodging
  9545 | D:9      | Found Kodutsay's Weapon Boutique.
 10150 | D:9      | Killed a two-headed ogre
 10348 | D:9      | Found Omumpaele's Armour Boutique.
 10468 | D:9      | Found a staircase to the Orcish Mines.
 10672 | D:8      | Reached XP level 10. HP: 56/71 MP: 12/24
 11085 | D:9      | Found a shadowy altar of Dithmenos.
 11085 | D:9      | Found an opulent altar of Gozag.
 11582 | Orc:1    | Entered Level 1 of the Orcish Mines
 12228 | D:10     | Entered Level 10 of the Dungeon
 12300 | D:10     | Learned a level 4 spell: Fulminant Prism
 12304 | D:10     | Learned a level 3 spell: Dazzling Flash
 12309 | D:10     | Learned a level 4 spell: Iskenderun's Mystic Blast
 12815 | D:10     | Noticed a two-headed ogre
 12833 | D:10     | Killed a two-headed ogre
 12855 | D:10     | Reached skill level 9 in Conjurations
 12855 | D:10     | Reached skill level 5 in Hexes
 13535 | D:10     | Found a staircase to the Lair.
 14457 | Orc:1    | Found a roughly hewn altar of Beogh.
 14801 | Orc:2    | Entered Level 2 of the Orcish Mines
 15103 | D:11     | Found a gate leading to a gauntlet.
 15272 | D:11     | Noticed a two-headed ogre
 15288 | D:11     | Killed a two-headed ogre
 15289 | D:11     | Reached XP level 11. HP: 77/77 MP: 19/26
 16240 | D:12     | Noticed Frances
 16595 | D:12     | Found a shimmering altar of Xom.
 17064 | D:12     | Noticed Urug
 17078 | D:12     | Killed Urug
 17568 | D:12     | Noticed Fannar
 17580 | D:12     | Killed Fannar
 17752 | D:12     | Killed from afar by Frances

Illustrated notes

Levels and vault maps discovered:
D:1:      dpeg_arrival_arbitrary_c, layout_basic
D:2:      cheibrodos_helix_gallery, layout_basic
D:3:      layout_basic, cheibrodos_sewer_entry_drain
D:4:      layout_loops_ring, overflow_temple_1_default, minmay_ogre_servants
D:5:      layout_rooms, kennysheep_mini
D:6:      layout_rooms, cheibrodos_ashenzari_chains
D:7:      layout_cave_pools, lemuel_doored_altar,
          nicolae_overflow_hidden_temple, minmay_temple_entry_purple_smoke
D:8:      layout_rooms, grunt_temple_overflow_holy_war,
          lemuel_coloured_pillars_altar, serial_corexii_hall,
          chequers_hall_statues_y, corexii_hall_statues_s, gammafunk_ghost_hive
D:9:      layout_long_grid, gammafunk_temple_overflow_elements, orc_david_3,
          serial_bayou_pond_a
D:10:     layout_stronghold, lair_entry_dummy
D:11:     layout_stronghold, gauntlet_entry_generic
D:12:     layout_stronghold, basic_altar, uniq_urug, uniq_fannar, uniq_frances
Temple:   eino_temple_lava
Orc:1:    layout_caves, basic_altar, uniq_maurice
Orc:2:    pf_orc_diabolical, layout_caves, uniq_donald

Skill      XL: |  1  2  3  4  5  6  7  8  9 10 11 |
---------------+----------------------------------+-----
Spellcasting   | 2 3 4 5 6 7 8 |  8.3
Conjurations   | 4 5 6 7 8 9 |  9.9
Dodging        | 2 3 4 5 6 7 |  7.5
Stealth        | 2 3 5 6 7 8 |  8.4
Fighting       | 1 |  1.0
Hexes          | 2 4 5 6 |  6.6

Action                   |  1- 3 |  4- 6 |  7- 9 | 10-12 || total
-------------------------+-------+-------+-------+-------++-------
Melee: Dagger            |    11 |       |       |       ||    11
       Staff             |       |       |       |     2 ||     2
 Cast: Magic Dart        |   117 |   133 |    72 |       ||   322
       Searing Ray       |       |    12 |    34 |    88 ||   134
       Fulminant Prism   |       |       |    34 |    49 ||    83
       Dazzling Flash    |       |       |       |     4 ||     4
  Use: Scroll            |       |    11 |     5 |     8 ||    24
       Potion            |       |       |       |     3 ||     3
Armor: Robe              |     4 |     2 |     2 |       ||     8
       Leather armour    |       |       |    13 |    22 ||    35
Dodge: Dodged            |    18 |    25 |    36 |    75 ||   154
       Repelled          |       |       |       |     1 ||     1
Block: Buckler           |       |       |     5 |    15 ||    20

Table legend: (Time is in decaauts)
 A = Elapsed time spent in this place.
 B = Non-inter-level travel time spent in this place.
 C = Inter-level travel time spent in this place.
 D = Time resting spent in this place.
 E = Time spent auto-exploring this place.
 F = Levels seen in this place.
 G = Mean time per level.
                   A        B        C        D        E       F      G
               +--------+--------+--------+--------+--------+-----+--------+
         Total |  17757 |  15494 |   2263 |   5646 |   3260 |  15 | 1183.8 |
       Dungeon |  17275 |  15078 |   2197 |   5600 |   3090 |  12 | 1439.6 |
        Temple |     89 |     89 |      0 |      0 |     68 |   1 |   89.0 |
  Orcish Mines |    391 |    325 |     66 |     46 |    102 |   2 |  195.5 |
               +--------+--------+--------+--------+--------+-----+--------+

Top non-repeatable levels by time:
     D:9: 2663 daAuts
     D:8: 2257 daAuts
    D:10: 1813 daAuts
    D:12: 1616 daAuts
     D:7: 1393 daAuts
     D:2: 1365 daAuts
     D:4: 1212 daAuts
    D:11: 1154 daAuts
     D:3: 1075 daAuts
     D:6: 1003 daAuts
     D:1: 926 daAuts
     D:5: 793 daAuts
   Orc:1: 346 daAuts
  Temple: 89 daAuts
   Orc:2: 44 daAuts
